 Dungeon Crawl Stone Soup version 0.26-a0-614-g457a34c (webtiles) character file.

Game seed: 11611518271724288785

6388 GreatBuffaloMozz the Cleaver (level 10, -5/142 HPs)
             Began as a Minotaur Fighter on Sept 12, 2020.
             Splashed by an oklob plant's acid (6 damage)
             ... on level 10 of the Dungeon.
             The game lasted 00:13:51 (10524 turns).

GreatBuffaloMozz the Cleaver (Minotaur Fighter)    Turns: 10524, Time: 00:14:01

Health: -5/142     AC: 21    Str: 22    XL:     10   Next: 66%
Magic:  0/9        EV:  2    Int:  5    God:
Gold:   399        SH:  0    Dex: 16    Spells: 9/9 levels left

rFire    . . .     SeeInvis .   w - +7 battleaxe "Gorphub" {vorpal, rC++ Dex+2}
rCold    + + .     Faith    .   (shield currently unavailable)
rNeg     + + +     Spirit   +   (armour currently unavailable)
rPois    +         Reflect  .   (helmet currently unavailable)
rElec    .         Harm     .   (cloak currently unavailable)
rCorr    +         NoTele   +   (gloves currently unavailable)
MR       .....                  (boots currently unavailable)
Stlth    +.........             B - amulet of guardian spirit
HPRegen  0.33/turn              e - ring of resist corrosion
MPRegen  0.11/turn              (no ring)

@: tree-form, corroded
A: (retaliatory headbutt), agile 1, subdued magic 1, MP-powered wands
a: no special abilities


You were on level 10 of the Dungeon.
You were a tree.
You visited 2 branches of the dungeon, and saw 11 of its levels.

You collected 399 gold pieces.

Inventory:

Hand Weapons
 a - a +0 war axe
 n - a +1 dagger of venom
 t - a +0 dagger of venom
 w - the +7 battleaxe "Gorphub" (weapon) {vorpal, rC++ Dex+2}
   (You found it on level 4 of the Dungeon)

   It inflicts extra damage upon your enemies.
   It affects your dexterity (+2).
   It greatly protects you from cold.
Missiles
 v - 9 boomerangs (quivered)
Armour
 b - a +0 scale mail (melded)
 C - +0 acid dragon scales
Jewellery
 e - a ring of resist corrosion (left branch)
 B - an amulet of guardian spirit (around neck)
Wands
 c - a wand of iceblast (11)
 h - a wand of paralysis (6)
 r - a wand of acid (9)
Scrolls
 f - 2 scrolls of remove curse
 i - 7 scrolls of identify {iooookkko}
 j - 2 scrolls of amnesia
 l - a scroll of enchant weapon {unknown}
 o - 5 scrolls of teleportation {unknown}
 q - a scroll of magic mapping {unknown}
 u - a scroll of enchant armour {unknown}
 y - 3 scrolls of immolation {unknown}
 A - 2 scrolls of blinking {unknown}
Potions
 d - 6 potions of might
 g - 2 potions of mutation
 m - 3 potions of curing {unknown}
 p - a potion of ambrosia {unknown}
 s - a potion of resistance {unknown}
 z - a potion of magic {unknown}


   Skills:
 + Level 11.1 Fighting
 * Level 11.5 Axes
 + Level 9.0 Armour
 + Level 7.3 Dodging
   Level 3.6 Shields


You had 9 spell levels left.
You didn't know any spells.
Your spell library contained the following spells:

 Spells                   Type           Power        Failure   Level
 Animate Skeleton         Necr           #.....       43%         1
 Apportation              Tloc           #.....       43%         1
 Corona                   Hex            #......      43%         1
 Summon Small Mammal      Summ           #...         43%         1


Dungeon Overview and Level Annotations

Branches:
Dungeon (10/15)            Temple (1/1) D:6            Lair (0/6) D:10
    Orc: D:9-12

Altars:
Ashenzari
Cheibriados
Dithmenos
Elyvilon
Fedhas
Gozag
Kikubaaqudgha
Makhleb
Okawaru
Ru
Sif Muna
Trog
Uskayaw
Vehumet
Wu Jian
Xom
Yredelemnul
Zin
The Shining One

Annotations:
D:9 Erolcha
D:10 exclusion: 2 oklob plants


Innate Abilities, Weirdness & Mutations

((You reflexively headbutt those who attack you in melee.))
((You have a pair of horns on your head.))
You are agile. (Dex +2)
Your spells are a little easier to cast, but a little less powerful.
You expend magic power (3 MP) to strengthen your wands.


Message History

Okay, then.
A black bear comes into view.
The orc barely misses you. You furiously retaliate!
You headbutt the orc.
The orc hits you with a +2 morningstar of holy wrath.
* * * LOW HITPOINT WARNING * * *
Okay, then.
Really walk into that dispersal trap?
You enter a dispersal trap!
The orc blinks! x8; The black bear blinks!
You blink.
An oklob plant and 3 wights come into view.
Marking area around an oklob plant as unsafe for travelling.
Found a chain mail.
Found a staircase to the Lair.
It was a potion of lignification.
You turn into a tree.
Your +0 scale mail melds into your body.
Your roots penetrate the ground.
The oklob plant spits acid at you. The splash of acid hits you! You resist.
* * * LOW HITPOINT WARNING * * *
The acid corrodes you!
You are splashed with acid.
You resist.
You die...

.... #.####
....##....#
......§...######
......§.§......#
.§....§....§...§
...§##o§######..
.. #...# ###
##..#...≈[
#[♣o.)#..
#.z..## ..#
.z..#...P P.
....z.#≈..P>P.
.......z#..PPPP
.....z... ##PP.
......... ...
......... ≈.


You could see 2 oklob plants, 5 wights and 2 orcs.

Vanquished Creatures
  A two-headed ogre (D:8)
  Pikel (D:8)
  A kobold demonologist (D:8)
  A troll (D:9)
  A hippogriff (D:8)
  Grinder (D:5)
  The ghost of thriggle the Slasher, an amateur PaBe of Trog (D:6)
  An acid dragon (D:9)
  A water moccasin (D:7)
  3 ice beasts
  4 sky beasts
  4 ogres
  A centaur (D:5)
  3 lemures (D:8)
  14 big kobolds
  A wyvern zombie (D:7)
  4 bullfrogs
  9 killer bees
  8 wights
  A howler monkey (D:5)
  6 hounds
  A jelly (D:5)
  2 orc priests
  A bullfrog skeleton (D:9)
  2 centaur skeletons
  A gnoll shaman (D:6)
  6 orc wizards
  2 worker ants
  3 iguanas
  A killer bee zombie (D:9)
  A hound zombie (D:9)
  A hound skeleton (D:4)
  12 gnolls
  A howler monkey skeleton (D:6)
  7 adders
  2 shadow imps
  2 white imps
  An ufetubus (D:6)
  2 adder skeletons
  An adder zombie (D:9)
  2 worms
  2 dart slugs (D:2)
  5 leopard geckos
  26 orcs
  A ball python (D:4)
  6 giant cockroaches
  8 goblins (D:1)
  4 hobgoblins
  5 jackals
  8 kobolds
  2 quokkas
  A bat (D:1)
  2 frilled lizards (D:1)
  A quokka skeleton (D:7)
  4 rats
193 creatures vanquished.

Vanquished Creatures (others)
  An ufetubus (D:8)
  A fungus (D:6)
  2 plants (D:6)
4 creatures vanquished.

Grand Total: 197 creatures vanquished

Notes
Turn   | Place    | Note
-------+----------+-------------------------------------------
     0 | D:1      | GreatBuffaloMozz the Minotaur Fighter began the quest for
                  | the Orb.
     0 | D:1      | Reached XP level 1. HP: 19/19 MP: 0/0
   177 | D:1      | Reached XP level 2. HP: 28/28 MP: 1/1
   300 | D:1      | Reached skill level 5 in Fighting
   502 | D:1      | Reached XP level 3. HP: 36/36 MP: 2/2
   874 | D:2      | Found an iron altar of Okawaru.
  1112 | D:2      | Found a radiant altar of Vehumet.
  1548 | D:2      | Found an ancient bone altar of Kikubaaqudgha.
  1603 | D:3      | Reached XP level 4. HP: 36/44 MP: 3/3
  1979 | D:3      | Found a faded altar of an unknown god.
  2017 | D:3      | Found a glowing golden altar of the Shining One.
  2579 | D:4      | Reached XP level 5. HP: 42/52 MP: 4/4
  2864 | D:4      | Got a steaming battleaxe
  2871 | D:4      | Identified the +7 battleaxe "Gorphub" {vorpal, rC++ Dex+2}
                  | (You found it on level 4 of the Dungeon)
  2911 | D:4      | Found a shadowy altar of Dithmenos.
  3564 | D:4      | Reached XP level 6. HP: 53/61 MP: 5/5
  4105 | D:5      | Entered Level 5 of the Dungeon
  4230 | D:5      | Reached skill level 1 in Dodging
  4297 | D:5      | Noticed a sky beast
  4298 | D:5      | Killed a sky beast
  4379 | D:5      | Noticed Grinder
  4389 | D:5      | Killed Grinder
  4389 | D:5      | Reached XP level 7. HP: 35/69 MP: 6/6
  4726 | D:5      | Reached skill level 5 in Axes
  4968 | D:5      | Reached skill level 5 in Armour
  6061 | D:6      | Reached XP level 8. HP: 39/75 MP: 7/7
  6549 | D:6      | Found a staircase to the Ecumenical Temple.
  6596 | Temple   | Entered the Ecumenical Temple
  7351 | D:6      | Found a runed translucent gate.
  7352 | D:6      | Found a runed translucent gate.
  7353 | D:6      | Found a runed translucent gate.
  7353 | D:6      | Noticed thriggle's ghost (amateur PaBe)
  7357 | D:6      | Identified the +9 dagger of Tumult {drain, rC- Str+3 Dex+2
                  | SInv}
  7465 | D:6      | Killed thriggle's ghost
  7468 | D:6      | Reached XP level 9. HP: 84/84 MP: 8/8
  7549 | D:7      | Found a snail-covered altar of Cheibriados.
  7560 | D:7      | Reached skill level 5 in Dodging
  8028 | D:7      | Reached skill level 10 in Fighting
  8720 | D:8      | Reached skill level 10 in Axes
  9223 | D:8      | Noticed Pikel
  9232 | D:8      | Killed Pikel
  9232 | D:8      | Reached XP level 10. HP: 58/94 MP: 3/9
  9836 | D:8      | Noticed a rust devil
 10015 | D:8      | Noticed a two-headed ogre
 10022 | D:8      | Killed a two-headed ogre
 10496 | D:9      | Noticed a five-headed hydra
 10496 | D:9      | Noticed Erolcha
 10509 | D:9      | Gained mutation: Your spells are a little easier to cast,
                  | but a little less powerful. [potion of mutation]
 10509 | D:9      | Gained mutation: You expend magic power (3 MP) to
                  | strengthen your wands. [potion of mutation]
 10509 | D:9      | Gained mutation: You are agile. (Dex +2) [potion of
                  | mutation]
 10521 | D:10     | Entered Level 10 of the Dungeon
 10521 | D:10     | Noticed an oklob plant
 10522 | D:10     | HP: 4/95 [orc/+2 morningstar of holy wrath (4)]
 10523 | D:10     | Found a staircase to the Lair.
 10523 | D:10     | Noticed an oklob plant
 10524 | D:10     | HP: 1/142 [oklob plant/splash of acid (6)]
 10524 | D:10     | Splashed by an oklob plant's acid

Illustrated notes

Levels and vault maps discovered:
D:1:      mrwooster_arrival_statue, layout_loops_ring
D:2:      layout_loops_ring, lemuel_round_altar, fiery_altar_vehumet,
          nicolae_overflow_hidden_temple, serial_bayou_ford_a
D:3:      layout_basic, serial_corexii_hall, corexii_hall_statues_s,
          chequers_hall_statues_y, chequers_ecumenical_altar_simple, tso_altar
D:4:      layout_layer_cave, lemuel_round_altar, kennysheep_dice
D:5:      layout_basic, minmay_misc_feat_tower, uniq_grinder
D:6:      layout_basic, minmay_temple_entry_glass, gammafunk_ghost_nasty_kobolds
D:7:      layout_cave_pools, overflow_temple_1_default
D:8:      layout_loops_cross, special_room [special_room_kobold],
          lemuel_flamethrower_2, uniq_pikel
D:9:      minmay_the_grid_square_5x5_3x3 [minmay_the_grid_square_5x5_six_small,
          minmay_the_grid_square_5x5_three_walls,
          minmay_the_grid_square_5x5_minivault,
          minmay_the_grid_square_5x5_minimal,
          minmay_the_grid_square_5x5_megaprize_open,
          minmay_the_grid_square_5x5_inverted_slash,
          minmay_the_grid_square_5x5_two_walls_b,
          minmay_the_grid_square_5x5_slash, minmay_the_grid_square_5x5_corner],
          layout_rooms, minitemple, serial_shops, shop, uniq_erolcha
D:10:     layout_basic, dpeg_oklobed_lair, gammafunk_ghost_split, uniq_snorg
Temple:   minmay_temple_curvy_branch

Skill      XL: |  1  2  3  4  5  6  7  8  9 10 |
---------------+-------------------------------+-----
Fighting       | 4 5 6 7 8 9 10 11 | 11.1
Axes           | 4 5 8 10 11 | 11.5
Dodging        | 2 3 4 6 7 |  7.3
Armour         | 4 5 6 8 9 |  9.0
Shields        | |  3.6

Action                   |  1- 3 |  4- 6 |  7- 9 | 10-12 || total
-------------------------+-------+-------+-------+-------++-------
Melee: War axe           |    82 |    47 |       |       ||   129
       Headbutt          |    13 |     7 |    23 |    12 ||    55
       Battleaxe         |       |    26 |   131 |    78 ||   235
  Use: Potion            |       |       |     2 |     2 ||     4
       Scroll            |       |       |     1 |     2 ||     3
Armor: Scale mail        |    32 |    34 |    67 |    25 ||   158
Dodge: Dodged            |    30 |    27 |   145 |    62 ||   264
Block: Kite shield       |    49 |    33 |       |       ||    82

Table legend: (Time is in decaauts)
 A = Elapsed time spent in this place.
 B = Non-inter-level travel time spent in this place.
 C = Inter-level travel time spent in this place.
 D = Time resting spent in this place.
 E = Time spent auto-exploring this place.
 F = Levels seen in this place.
 G = Mean time per level.
                   A        B        C        D        E       F      G
               +--------+--------+--------+--------+--------+-----+--------+
         Total |  10667 |  10123 |    544 |   3182 |   5937 |  11 |  969.7 |
       Dungeon |  10251 |   9897 |    354 |   3182 |   5720 |  10 | 1025.1 |
        Temple |    415 |    225 |    190 |      0 |    217 |   1 |  415.0 |
               +--------+--------+--------+--------+--------+-----+--------+

Top non-repeatable levels by time:
     D:5: 1958 daAuts
     D:6: 1720 daAuts
     D:4: 1606 daAuts
     D:8: 1595 daAuts
     D:2: 983 daAuts
     D:3: 952 daAuts
     D:1: 630 daAuts
     D:7: 540 daAuts
  Temple: 415 daAuts
     D:9: 261 daAuts
    D:10: 2 daAuts
